AAA
BATON ROUGE BAYOU @ MOSCOW MULES
09/05/2059
 
TOP OF THE 1ST
Baton Rouge Bayou batting - Pitching for Moscow Mules : RHP Dante Adams
Pitching: RHP Dante Adams
Batting: RHB Huston Cruz 0-0: Called Strike
0-1: Ground out 6-3 (Groundball, 6, EV 93.1 MPH)
Batting: RHB Tripp Kalifetona 0-0: Swinging Strike
0-1: Called Strike
0-2: Hit by Pitch
Batting: LHB Jon MacKinnon 0-0: Ball
1-0: Ball
2-0: Ball
3-0: Base on Balls
Tripp Kalifetona to second
Batting: LHB Kemper Small 0-0: Called Strike
0-1: Fly out, F8 (Flyball, 8LD, EV 89.4 MPH)
Batting: RHB Jefferson Turner 0-0: Ball
1-0: Ball
2-0: Ground out 3-1 (Groundball, 34S, EV 67.5 MPH)
Top of the 1st over - 0 runs, 0 hits, 0 errors, 2 left on base; Baton Rouge 0 - Moscow 0
BOTTOM OF THE 1ST
Moscow Mules batting - Pitching for Baton Rouge Bayou : RHP Dex Shinn
Pitching: RHP Dex Shinn
Batting: RHB Donald Stringer 0-0: Called Strike
0-1: Swinging Strike
0-2: Foul Ball, location: 2F
0-2: Foul Ball, location: 2F
0-2: SINGLE (Groundball, 15S, EV 67.5 MPH) (infield hit)
Batting: LHB Brian Washington 0-0: Ball
1-0: Ground out 4-3 (Groundball, 34, EV 104.4 MPH)
Donald Stringer to second
Batting: LHB Billy Collins 0-0: Foul Ball, location: 2F
0-1: Ground out U3 (Groundball, 3L, EV 84.4 MPH)
Donald Stringer to third
Batting: LHB Austin Anderson 0-0: Ball
1-0: Called Strike
1-1: Ball
2-1: Called Strike
2-2: Foul Ball, location: 2F
2-2: Foul Ball, location: 2F
2-2: Ball
3-2: Strikes out swinging
Bottom of the 1st over - 0 runs, 1 hit, 0 errors, 1 left on base; Baton Rouge 0 - Moscow 0
TOP OF THE 2ND
Baton Rouge Bayou batting - Pitching for Moscow Mules : RHP Dante Adams
Batting: SHB Rob French 0-0: Fly out, F7 (Flyball, 7LD, EV 78.8 MPH)
Batting: LHB Devin Kee 0-0: SINGLE (Groundball, 6, EV 100.0 MPH)
Batting: RHB Justin Greene 0-0: Called Strike
0-1: Called Strike
0-2: Strikes out swinging
Batting: RHB Hareem Marquez 0-0: Ball
1-0: Foul Ball, location: 2F
1-1: Ball
2-1: Swinging Strike
2-2: Foul Ball, location: 2F
2-2: Strikes out swinging
Top of the 2nd over - 0 runs, 1 hit, 0 errors, 1 left on base; Baton Rouge 0 - Moscow 0
BOTTOM OF THE 2ND
Moscow Mules batting - Pitching for Baton Rouge Bayou : RHP Dex Shinn
Batting: RHB Shawn Douglas 0-0: Called Strike
0-1: Swinging Strike
0-2: Foul Ball, location: 2F
0-2: SINGLE (Groundball, 6MD, EV 97.5 MPH)
Batting: RHB DeAndrae Sainovic 0-0: Called Strike
0-1: Ball
1-1: Ball
2-1: Foul Ball, location: 2F
2-2: Fly out, F9 (Line Drive, 9D, EV 96.9 MPH)
Batting: RHB Bailey Madry 0-0: Called Strike
0-1: Ball
1-1: Foul Ball, location: 2F
1-2: Ball
2-2: SINGLE (Groundball, 6MD, EV 98.8 MPH)
Shawn Douglas to second
Batting: RHB Tyrone Smith 0-0: Ball
1-0: Foul Ball, location: 2F
1-1: Called Strike
1-2: Ball
2-2: Grounds into double play, 6-4-3 (Groundball, 6, EV 76.2 MPH)
Bottom of the 2nd over - 0 runs, 2 hits, 0 errors, 1 left on base; Baton Rouge 0 - Moscow 0
TOP OF THE 3RD
Baton Rouge Bayou batting - Pitching for Moscow Mules : RHP Dante Adams
Batting: RHB Huston Cruz 0-0: Ball
1-0: Ball
2-0: Ball
3-0: Base on Balls
Batting: RHB Tripp Kalifetona 0-0: Ball
1-0: Foul Ball, location: 2F
1-1: Ball
2-1: Called Strike
2-2: Foul Ball, location: 2F
2-2: Strikes out looking
Batting: LHB Jon MacKinnon 0-0: Called Strike
0-1: Called Strike
Huston Cruz steals 2nd base
0-2: Ground out 6-3 (Groundball, 6, EV 85.6 MPH)
Huston Cruz to third
Batting: LHB Kemper Small 0-0: Foul Ball, location: 2F
0-1: Fly out, F7 (Line Drive, 7, EV 94.4 MPH)
Top of the 3rd over - 0 runs, 0 hits, 0 errors, 1 left on base; Baton Rouge 0 - Moscow 0
BOTTOM OF THE 3RD
Moscow Mules batting - Pitching for Baton Rouge Bayou : RHP Dex Shinn
Batting: RHB Cole Rega 0-0: Ground out 5-3 (Groundball, 5L, EV 81.9 MPH)
Batting: RHB Donald Stringer 0-0: SINGLE (Line Drive, 4D, EV 95.0 MPH)
Batting: LHB Brian Washington 0-0: Ball
1-0: Foul Ball, location: 2F
1-1: Ball
2-1: Foul Ball, location: 2F
2-2: Hit by Pitch
Donald Stringer to second
Batting: LHB Billy Collins 0-0: Swinging Strike
0-1: Ball
1-1: Ball
2-1: Called Strike
2-2: Grounds into double play, 3-6-1 (Groundball, 3, EV 86.2 MPH)
Bottom of the 3rd over - 0 runs, 1 hit, 0 errors, 1 left on base; Baton Rouge 0 - Moscow 0
TOP OF THE 4TH
Baton Rouge Bayou batting - Pitching for Moscow Mules : RHP Dante Adams
Batting: RHB Jefferson Turner 0-0: Called Strike
0-1: Ball
1-1: Foul Ball, location: 2F
1-2: Strikes out looking
Batting: SHB Rob French 0-0: Ground out 3-1 (Groundball, 34, EV 99.4 MPH)
Batting: LHB Devin Kee 0-0: Called Strike
0-1: Swinging Strike
0-2: Strikes out swinging
Top of the 4th over - 0 runs, 0 hits, 0 errors, 0 left on base; Baton Rouge 0 - Moscow 0
BOTTOM OF THE 4TH
Moscow Mules batting - Pitching for Baton Rouge Bayou : RHP Dex Shinn
Batting: LHB Austin Anderson 0-0: Ball
1-0: Ball
2-0: Ball
3-0: Base on Balls
Batting: RHB Shawn Douglas 0-0: SINGLE (Groundball, 6MD, EV 98.8 MPH)
Austin Anderson to second
Batting: RHB DeAndrae Sainovic 0-0: Ball
1-0: Ball
2-0: Ball
3-0: Called Strike
3-1: Grounds into double play, 4-6-3 (Groundball, 34, EV 106.9 MPH)
Austin Anderson to third
Batting: RHB Bailey Madry 0-0: Ball
Wild Pitch!
Austin Anderson scores
1-0: Called Strike
1-1: DOUBLE (Flyball, 8LXD, EV 102.5 MPH)
Batting: RHB Tyrone Smith 0-0: Ball
1-0: Called Strike
1-1: Called Strike
1-2: Ball
2-2: Ground out 4-3 (Groundball, 4, EV 89.4 MPH)
Bottom of the 4th over - 1 run, 2 hits, 0 errors, 1 left on base; Baton Rouge 0 - Moscow 1
TOP OF THE 5TH
Baton Rouge Bayou batting - Pitching for Moscow Mules : RHP Dante Adams
Batting: RHB Justin Greene 0-0: Ball
1-0: Ball
2-0: Called Strike
2-1: Ball
3-1: Called Strike
3-2: Strikes out swinging
Batting: RHB Hareem Marquez 0-0: Ball
1-0: Ball
2-0: Called Strike
2-1: Ball
3-1: Fly out, F8 (Flyball, 8LM, EV 91.2 MPH)
Batting: RHB Huston Cruz 0-0: SINGLE (Groundball, 4MD, EV 95.0 MPH)
Batting: RHB Tripp Kalifetona 0-0: Ground out 5-3 (Groundball, 5L, EV 101.9 MPH)
Top of the 5th over - 0 runs, 1 hit, 0 errors, 1 left on base; Baton Rouge 0 - Moscow 1
BOTTOM OF THE 5TH
Moscow Mules batting - Pitching for Baton Rouge Bayou : RHP Dex Shinn
Batting: RHB Cole Rega 0-0: Ground out 6-3 (Groundball, 6M, EV 85.6 MPH)
Batting: RHB Donald Stringer 0-0: Called Strike
0-1: Ball
1-1: SINGLE (Groundball, 6D, EV 95.0 MPH)
Batting: LHB Brian Washington 0-0: Ball
1-0: Foul Ball, location: 2F
1-1: Called Strike
1-2: Ball
2-2: Ball
3-2: Fly out, F9 (Line Drive, 89M, EV 86.9 MPH)
Batting: LHB Billy Collins 0-0: Called Strike
0-1: Foul Ball, location: 2F
0-2: Ball
1-2: Ball
2-2: SINGLE (Groundball, 34S, EV 65.6 MPH) (infield hit)
Donald Stringer to second
Batting: LHB Austin Anderson 0-0: Called Strike
0-1: Ball
1-1: Ground out 1-3 (Groundball, 34S, EV 66.9 MPH)
Bottom of the 5th over - 0 runs, 2 hits, 0 errors, 2 left on base; Baton Rouge 0 - Moscow 1
TOP OF THE 6TH
Baton Rouge Bayou batting - Pitching for Moscow Mules : RHP Dante Adams
Batting: LHB Jon MacKinnon 0-0: Ball
1-0: Called Strike
1-1: Called Strike
1-2: SINGLE (Flyball, 8RS, EV 93.1 MPH)
Batting: LHB Kemper Small 0-0: Called Strike
0-1: Fielders Choice at 2nd, 6-4 (Groundball, 6, EV 86.2 MPH)
Batting: RHB Jefferson Turner 0-0: Ball
1-0: Ball
2-0: Ball
3-0: Called Strike
3-1: Called Strike
3-2: Strikes out swinging
Batting: SHB Rob French 0-0: Fly out, F6 (Line Drive, 6, EV 66.2 MPH)
Top of the 6th over - 0 runs, 1 hit, 0 errors, 1 left on base; Baton Rouge 0 - Moscow 1
BOTTOM OF THE 6TH
Moscow Mules batting - Pitching for Baton Rouge Bayou : RHP Dex Shinn
Batting: RHB Shawn Douglas 0-0: Called Strike
0-1: Swinging Strike
0-2: Foul Ball, location: 2F
0-2: Foul Ball, location: 2F
0-2: Strikes out looking
Batting: RHB DeAndrae Sainovic 0-0: Foul Ball, location: 2F
0-1: Foul Ball, location: 2F
0-2: Ball
1-2: Ball
2-2: Fly out, F7 (Line Drive, 7LM, EV 100.0 MPH)
Batting: RHB Bailey Madry 0-0: Ball
1-0: Called Strike
1-1: Foul Ball, location: 2F
1-2: Strikes out swinging
Bottom of the 6th over - 0 runs, 0 hits, 0 errors, 0 left on base; Baton Rouge 0 - Moscow 1
TOP OF THE 7TH
Baton Rouge Bayou batting - Pitching for Moscow Mules : RHP Dante Adams
Batting: LHB Devin Kee 0-0: Swinging Strike
0-1: Ball
1-1: Fly out, F7 (Line Drive, 7S, EV 109.4 MPH)
Pinch Hitting: LHB Isaac Allen 0-0: Called Strike
0-1: Called Strike
0-2: Ball
1-2: Ball
2-2: Foul Ball, location: 2F
2-2: Strikes out swinging
Batting: RHB Hareem Marquez 0-0: Ball
1-0: Fly out, F9 (Flyball, 9S, EV 95.0 MPH)
Top of the 7th over - 0 runs, 0 hits, 0 errors, 0 left on base; Baton Rouge 0 - Moscow 1
BOTTOM OF THE 7TH
Moscow Mules batting - Pitching for Baton Rouge Bayou : RHP Dex Shinn
Now at SS: Chad Swanson
Batting: RHB Tyrone Smith 0-0: Ball
1-0: Ball
2-0: Foul Ball, location: 2F
2-1: Ground out 5-3 (Groundball, 56S, EV 88.1 MPH)
Pitching: LHP Ike Dotson
Batting: RHB Cole Rega 0-0: Called Strike
0-1: Ball
1-1: Foul Ball, location: 2F
1-2: Ground out 6-3 (Groundball, 6, EV 80.6 MPH)
Batting: RHB Donald Stringer 0-0: Swinging Strike
0-1: Foul Ball, location: 2F
0-2: Ball
1-2: Foul Ball, location: 2F
1-2: Foul Ball, location: 2F
1-2: SINGLE (Groundball, 6MD, EV 104.4 MPH)
Batting: LHB Brian Washington 0-0: Called Strike
Donald Stringer steals 2nd base
0-1: Ball
1-1: Ball
2-1: Ball
3-1: SINGLE (Line Drive, 4D, EV 95.6 MPH)
Donald Stringer to third
Runner from 3rd tries for Home, throw by RF and OUT! 9-2
Bottom of the 7th over - 0 runs, 2 hits, 0 errors, 1 left on base; Baton Rouge 0 - Moscow 1
TOP OF THE 8TH
Baton Rouge Bayou batting - Pitching for Moscow Mules : RHP Dante Adams
Batting: RHB Huston Cruz 0-0: Ball
1-0: Ball
2-0: Foul Ball, location: 2F
2-1: Foul Ball, location: 2F
2-2: Strikes out swinging
Pitching: RHP Spencer Springsteen
Batting: RHB Tripp Kalifetona 0-0: Called Strike
0-1: Foul Ball, location: 2F
0-2: Ball
1-2: Ball
2-2: Strikes out swinging
Batting: LHB Jon MacKinnon 0-0: Ball
1-0: Swinging Strike
1-1: Fly out, F4 (Popup, 4S, EV 80.6 MPH)
Top of the 8th over - 0 runs, 0 hits, 0 errors, 0 left on base; Baton Rouge 0 - Moscow 1
BOTTOM OF THE 8TH
Moscow Mules batting - Pitching for Baton Rouge Bayou : LHP Ike Dotson
Pitching: RHP Merrill Collier
Batting: LHB Billy Collins 0-0: Ball
1-0: Called Strike
1-1: Ball
2-1: Foul Ball, location: 2F
2-2: Ball
3-2: SINGLE (Flyball, 5D, EV 94.4 MPH)
Batting: LHB Austin Anderson 0-0: SINGLE (Groundball, 6MD, EV 103.8 MPH)
Billy Collins to second
Runner from 2nd tries for 3rd, OUT after rundown.
Batting: RHB Shawn Douglas 0-0: Ball
1-0: Foul Ball, location: 2F
1-1: Ball
2-1: Fielders Choice at 2nd, 6-4 (Groundball, 6M, EV 87.5 MPH)
Batting: RHB DeAndrae Sainovic 0-0: Called Strike
0-1: Ball
1-1: Hit by Pitch
Shawn Douglas to second
Batting: RHB Bailey Madry 0-0: Foul Ball, location: 2F
0-1: Ball
1-1: Swinging Strike
1-2: Ball
2-2: Ball
3-2: SINGLE (Line Drive, 89S, EV 104.4 MPH)
Shawn Douglas to third
DeAndrae Sainovic to second
Shawn Douglas scores
DeAndrae Sainovic to third
Batting: RHB Tyrone Smith 0-0: Fly out, F8 (Flyball, 8LD, EV 79.4 MPH)
Bottom of the 8th over - 1 run, 3 hits, 0 errors, 2 left on base; Baton Rouge 0 - Moscow 2
TOP OF THE 9TH
Baton Rouge Bayou batting - Pitching for Moscow Mules : RHP Spencer Springsteen
Now in RF: Mort Wheeler
Batting: LHB Kemper Small 0-0: Swinging Strike
0-1: Ball
1-1: Ball
2-1: Swinging Strike
2-2: Strikes out looking
Batting: RHB Jefferson Turner 0-0: Called Strike
0-1: Swinging Strike
0-2: Foul Ball, location: 2F
0-2: Foul Ball, location: 2F
0-2: Ground out 4-3 (Groundball, 4MD, EV 83.1 MPH)
Batting: SHB Rob French 0-0: Foul Ball, location: 2F
0-1: Swinging Strike
0-2: Ball
1-2: Ball
2-2: Foul Ball, location: 2F
2-2: Foul Ball, location: 2F
2-2: Strikes out swinging
Top of the 9th over - 0 runs, 0 hits, 0 errors, 0 left on base; Baton Rouge 0 - Moscow 2
Friday, March 29th , 2024 - OOTP Baseball 23.10 Build 110